[Event "Rohde op 12th"]
[Site "Sautron"]
[Date "2012.10.29"]
[Round "3"]
[White "Lagarde, Maxime"]
[Black "Nguyen, Chi Minh"]
[Result "1-0"]
[ECO "E12"]
[WhiteElo "2501"]
[BlackElo "2392"]
[Annotator "Atalik/Primel,D"]
[PlyCount "71"]
[EventDate "2012.10.27"]
[EventType "swiss"]
[EventRounds "9"]
[EventCountry "FRA"]
[SourceTitle "EXT 2014"]
[Source "ChessBase"]
[SourceDate "2013.11.20"]
[SourceVersion "1"]
[SourceVersionDate "2013.11.20"]
[SourceQuality "1"]
[TimeControl "40/5400+30:1800+30"]
[WhiteClock "0:42:01"]
[BlackClock "0:09:37"]

1. d4 e6 2. Nf3 Nf6 3. c4 b6 4. a3 Bb7 (4... Ba6 {L'alternative dans cette variante
Petrossian}) 5. Nc3 Ne4 $5 (5... d5 {La
grande ligne} 6. cxd5) 6. Nxe4 Bxe4 7. e3 (7. Nd2 Bb7 8. e4 $14 {Ivanchuk,V (2709)-Romanishin,O (2578)
Leonid Stein Memorial 2000 (4) 1/2}) 7... Qf6 (7... g6 8. Bd3
Bxd3 9. Qxd3 Bg7 10. e4 d6 11. Bg5 f6 12. Be3 Nd7 13. h4 h6 14. O-O-O Qe7 15.
Kb1 O-O-O 16. Rhe1 Kb8 17. d5 e5 18. Nd2 f5 19. exf5 gxf5 20. Qxf5 Qxh4 21. Rh1
Qf6 22. Qc2 {Sokolov,I (2655)-Seirawan,Y (2640)/Dordrecht 2002/EXT 2004/1/2-1/
2 (40)}) (7... Be7 {Plus courant} 8. Bd3 Bxd3 9. Qxd3) 8. Bd3 Bxd3 9. Qxd3 Qg6 10. e4 $5
$146 {[%emt 0:05:09] Continuant de suivre une suite analysée par le GMI Attalik
} (10. Qxg6 hxg6 11. b4 a5 12. b5 d6 13. a4 Nd7 14. Ba3 Be7 15. Ke2 Rc8 16. h3
f5 17. h4 Kf7 18. Rac1 e5 19. g3 Rhe8 20. Rhd1 Bf6 21. c5 e4 22. Ne1 d5 23. Rc2
Be7 24. c6 Nf6 {Saric,A (2513)-Aguettaz,M (2443)/Pula 2012/Mega2012 Update 25/
1/2-1/2}) 10... Qxg2 {[%emt 0:02:29] Relevant le gant du débat théorique} (
10... d5 11. cxd5 exd5 12. O-O $1 dxe4 (12... Bd6 {Plus solide car sur la
prise de4, les Blancs ont une sérieuse avance de développement.} 13. Re1 O-O)
13. Re1 {[%cal Ge1e8] Atalik,S}) 11. Rg1 Qh3 12. Bf4 $32 h6 $6 {[%emt 0:22:09] Fin de la
préparation des Noirs} (12... d6 $142 13. O-O-O $44 {Atalik}) 13. Bxc7 Nc6 (13... Na6 14. Bf4 g5 (14... Rc8 15. c5
$40 ) (14... f6 15. c5 g5 16. Rg3 Qh5 17. Be3 Nc7 18. cxb6 axb6 19.
Rc1 $32) 15. Rg3 Qh5) 14. Rg3 Qh5 15. d5 $1 (15. O-O-O $143 Rc8 ) 15... Rc8 16. dxc6 (16. Bf4 exd5 (16... Na5 17. Ne5 f6 18. dxe6 dxe6 19. Qd7#) 17. cxd5 $40 Nb8
18. Rc1 Rxc1+ 19. Bxc1 Bd6 (19... g5 20. Qc3 $18 ) 20. e5
Bc7 (20... Bxe5 21. Nxe5 Qxe5+ 22. Re3) 21. d6 Bd8 22. Rxg7 Kf8 23. Rg3 Nc6 (
23... Rg8 $2 24. Qh7) 24. Bf4 $18 {Comme les Noirs ne peuvent pas jouer Rg8,
ils ont une pièce de moins.}) 16... Rxc7 17. Rd1 $40 d6 18. e5 $1 Rxc6 19. Qe4 Kd7 20. exd6 f6 $8 21. Nd4 $1 {[%emt 0:03:02][%cal Gd4e6,Gg3d3]
Toutes les pièces Blanches sont maintenant mobilisées dans la chasse au K Noir}
Rxd6 22. Rgd3 $4 {[%emt 0:00:36] Joué quasiment а tempo alors
que les Blancs avaient encore 50 mns а la pendule et les Noirs qui ont plus
d'expérience ne vont pas rater l'occasion offerte.} (22. Qb7+ Ke8 23. Rgd3 Qg6 24. Kf1 $1 (24. Qc8+ Kf7) 24... Be7 (24... h5 25. Nxe6 $3 {L'idée de Kf1 mais quasiment impossible а trouver
devant l'échiquier} Rxd3 26. Re1 $18 )
25. Nc6 $1) 22... Qe5 $1 {[%emt 0:06:47][%csl Re1,Re4] Un sauvetage miraculeux!
} 23. Qxe5 fxe5 24. Nf3 Kc7 25. Nxe5 {[%emt 0:00:20][%cal Ge5f7] Gagne un P mais dans
cette position ouverte, le B est un peu meilleur que le N et les Noirs ont des
chances de nulle.} Rg8 26. Rf3 Rxd1+ 27. Kxd1 g5 28. Rf7+ Kd6 $1 29. Nd3 Be7 $44 30. Rh7 a5 31. a4
$1 (31. Rxh6 Rc8 32. b3 a4 $132) 31... Rg6 32. Ke2 Bf6 33. Rf7 Bd4 34. Kf3 g4+ 35.
Ke4 Bc5 $4 {[%emt 0:00:32] Les Noirs pensaient avoir fait le
plus dur et ils se déconcentrent alors qu'ils avaient encore 10 mns а la
pendule} (35... Bg7) 36. Ne5 $1 {[%emt 0:00:13][%cal Ge5g6,Ge5f7] Un réseau de
mat surgi de nulle part! Je rectifie le score 1-0 et non pas nulle} 1-0

[Event "Khanty-Mansiysk FIDE GP (Women)"]
[Site "Khanty-Mansiysk"]
[Date "2014.04.21"]
[Round "11"]
[White "Dzagnidze, Nana"]
[Black "Zhao, Xue"]
[Result "0-1"]
[ECO "E12"]
[WhiteElo "2550"]
[BlackElo "2552"]
[Annotator "ChessBase Website"]
[PlyCount "80"]
[EventDate "2014.04.09"]
[EventType "tourn"]
[EventRounds "11"]
[EventCountry "RUS"]
[EventCategory "10"]
[SourceTitle "CBM 160"]
[Source "ChessBase"]
[SourceDate "2014.05.15"]
[SourceVersion "1"]
[SourceVersionDate "2014.05.15"]
[SourceQuality "1"]
[TimeControl "40/5400+30:1800+30"]
[WhiteClock "1:30:00"]
[BlackClock "1:30:00"]

1. d4 Nf6 2. c4 e6 3. Nf3 b6 4. a3 Bb7 5. Nc3 g6 6. Qc2 c5 (6... Bxf3 7. exf3 Nc6 8. Be3 Bg7 9. O-O-O O-O 10.
g4 d5 11. Kb1 Na5 12. cxd5 Nxd5 13. h4 Nxc3+ 14. Qxc3 c5 15. Qd3 cxd4 16. Bxd4
Bxd4 17. Qxd4 Qxd4 18. Rxd4 Rad8 19. Rd3 Nc6 20. Rc3 Rd1+ 21. Kc2 Rd6 22. f4
Rfd8 23. Rd3 Rf8 24. Rc3 Rfd8 25. Rd3 Rxd3 26. Bxd3 Rd4 27. f5 Rxg4 28. fxe6
Nd4+ 29. Kd2 Nxe6 30. h5 Kg7 31. hxg6 hxg6 32. Ke3 Rd4 33. Rc1 Rd7 34. b4 Kf6
35. a4 Re7 36. Rc6 {Grachev,B (2693)-Shirov,A (2709) Jurmala 2013 0-1}) 7. dxc5 bxc5 8. Bf4 Nh5 9. Bg5 f6 10. Be3 f5 11. Rd1 Nc6 $146 (11... a6
12. g3 Qc7 13. Bg2 Be7 14. Bh6 Nc6 15. O-O Nd8 16. Bd2 Nf7 17. Rfe1 O-O 18. e4
f4 19. g4 Nf6 20. h3 g5 21. e5 Bxf3 22. Bxf3 Nxe5 23. Bxa8 Rxa8 24. Kf1 Nf3 25.
Nd5 Nxd5 26. cxd5 Nxe1 27. Bxe1 Rf8 28. dxe6 dxe6 29. Qe4 Bf6 30. Qxe6+ Qf7 31.
Qxf7+ Rxf7 32. b3 Rb7 33. Rd3 Kf7 34. Ke2 Ke6 35. Kf3 Rc7 36. h4 h6 37. h5 Bb2
38. a4 c4 39. bxc4 Rxc4 40. Rb3 Bd4 41. Rb4 {Jovanic,O (2479)-Zsinka,L (2285)
Pula 2011 1/2-1/2 (64)}) 12. Bg5 Be7 13. Bxe7 Qxe7 14. e3 O-O 15. Be2 Rad8 16. O-O g5
{[%emt 0:00:25] A very strange game in a locked position. Zhao Xue advanced
all of her pawns quickly, leaving behind many weaknesses but obtaining a big
space advantage. It seems that the game remained rather unclear until Black
manged to maneuver her knight to the beautiful spot e4 (White should have
prevented this by opening lines on the kingside sooner) and after that it was
impossible for Dzagnidze to hold her position together.} 17. Ne1 g4 18. Nd3 a5 19. g3 Nf6 20. f3 h5 21. Rf2 d6 22. Nb5 gxf3 23. Bxf3 Ng4 24. Bxg4 hxg4 25. Qc3 Ba8 26. Kf1 Rd7 27. Rdd2 Rb8 28. a4 Rf8 29. b3 Kh7 30. Ke1 Nd8 31. Qxa5 Nf7 32. Nf4 Ng5 33. Kd1 Ne4 34. Kc1 Qf6 35. Kb1 Bb7 36. Qb6 Ra8 37. Nxd6 Nxf2 38. Qxc5 Ne4 39. Qb5 Nxd2+ 40. Kc2 Qe7 0-1

[Event "Khanty-Mansiysk FIDE GP (Women)"]
[Site "Khanty-Mansiysk"]
[Date "2014.04.10"]
[Round "2"]
[White "Dzagnidze, Nana"]
[Black "Muzychuk, Anna"]
[Result "1/2-1/2"]
[ECO "E12"]
[WhiteElo "2550"]
[BlackElo "2560"]
[Annotator "ChessBase Website"]
[PlyCount "59"]
[EventDate "2014.04.09"]
[EventType "tourn"]
[EventRounds "11"]
[EventCountry "RUS"]
[EventCategory "10"]
[SourceTitle "CBM 160"]
[Source "ChessBase"]
[SourceDate "2014.05.15"]
[SourceVersion "1"]
[SourceVersionDate "2014.05.15"]
[SourceQuality "1"]
[TimeControl "40/5400+30:1800+30"]
[WhiteClock "1:30:00"]
[BlackClock "1:30:00"]

1. d4 Nf6 2. c4 e6 3. Nf3 b6 4. a3 Bb7 5. Nc3 d5 6. cxd5 Nxd5 7. Qa4+ (7. e3 g6 8. Bb5+ c6 9.
Bd3 Bg7 10. Ne4 O-O 11. O-O Nf6 12. b4 a5 13. Bb2 axb4 14. axb4 Rxa1 15. Qxa1
Nd5 16. Qa4 Nd7 17. Rc1 Qe7 18. Qa7 N7f6 19. Nxf6+ Bxf6 20. Ba6 Qxb4 21. Qxb7
Qxb2 22. Rxc6 g5 23. h3 h5 24. Nh2 Kg7 25. Bc4 Nb4 26. Rc7 Qa1+ 27. Nf1 Qa8 28.
Bxe6 Qxb7 29. Rxb7 Bd8 30. Bb3 h4 31. Nd2 Kg6 32. Nc4 f6 33. Nxb6 Nc6 34. Bc2+
f5 35. Nc4 Bf6 36. Nd6 Ne7 {Grischuk,A (2783)-Karjakin,S (2756) Beijing 2013
1-0}) 7... Nd7 8. Ne5 Nxc3 9. bxc3 Bd6 10. Nxd7 Qxd7 11. Qxd7+ Kxd7 $15 {[%emt 0:00:05][%csl Ra3,
Rc3] White employed the Petrosian (quick a3) system against the Queen's Indian
but her experiment, or her attempt of reviving an old line, was not effective
and if anyone got an edge from the opening it was Black. However it was very
small and it was extinguished when too many pieces were traded off.} 12. f3 f5 13. e3 c5 14. Bd3 Rhf8 15. a4 e5 16. Bb2 Rac8 17. dxe5 Bxe5 18. O-O-O Kc7 19. Rd2 g6 20. Rhd1 Rcd8 21. c4 Bxb2+ 22. Rxb2 Rfe8 23. Re2 Re7 24. Bc2 Rxd1+ 25. Kxd1 Bc6 26. Kd2 Rd7+ 27. Kc3 Re7 28. Kd2 Rd7+ 29. Kc3 Re7 30. Kd2 1/2-1/2

[Event "Khanty-Mansiysk FIDE GP (Women)"]
[Site "Khanty-Mansiysk"]
[Date "2014.04.14"]
[Round "5"]
[White "Batchimeg, Tuvshintugs"]
[Black "Dzagnidze, Nana"]
[Result "0-1"]
[ECO "E12"]
[WhiteElo "2340"]
[BlackElo "2550"]
[Annotator "ChessBase Website"]
[PlyCount "196"]
[EventDate "2014.04.09"]
[EventType "tourn"]
[EventRounds "11"]
[EventCountry "RUS"]
[EventCategory "10"]
[SourceTitle "CBM 160"]
[Source "ChessBase"]
[SourceDate "2014.05.15"]
[SourceVersion "1"]
[SourceVersionDate "2014.05.15"]
[SourceQuality "1"]
[TimeControl "40/5400+30:1800+30"]
[WhiteClock "1:30:00"]
[BlackClock "1:30:00"]

1. d4 Nf6 {[%emt 0:00:00] A marathon game, which finished at
the 98th move! Tuvshintugs found herself down a pawn but with some
compensation, making the game very murky. Black's awkward bishop and unsafe
king made conversion very difficult. At some point Dzagnidze could have
finished the game off after Tuvshintugs blundered, but she didn't see the
winning combination in time pressure. Eventually they reached a drawn queen
endgame, and in a bizarre decision Tuvshintugs played a random move instead of
forcing a perpetual check. Dzanigdze took her small advantage and outplayed
the Mongolian from then on, winning the game.} 2. c4 e6 3. Nf3 b6 4. a3 Ba6 5. Qb3 Nc6 (5... c5
6. d5 b5 7. cxb5 Bb7 8. dxe6 fxe6 9. g3 d5 10. Bh3 Qb6 11. O-O Nbd7 12. a4 c4
13. Qc2 Rc8 14. a5 Qd6 15. Bf4 Qe7 16. b6 axb6 17. axb6 Nxb6 18. Nc3 h6 19.
Qg6+ Kd8 20. Ne5 Rg8 21. Nf7+ Kd7 22. Ra7 Rc7 23. Nb5 Nc8 24. Nxc7 Nxa7 25.
Bxe6+ {1-0 (25) Kovalenko,I (2643)-Bocharov,D (2602) Khanty-Mansiysk 2013}) 6.
Qc2 d6 $146 (6... b5 7. cxb5 Bxb5 8. Nc3 Ba6
9. e4 Bxf1 10. Kxf1 Be7 11. d5 Na5 12. dxe6 fxe6 13. e5 Nd5 14. Nxd5 exd5 15.
h4 Qb8 16. Bg5 Qb5+ 17. Kg1 Qc4 18. Qf5 g6 19. Qh3 Nb3 20. Re1 Bxg5 21. Nxg5
Nd4 22. Qg4 h5 23. Qd1 Rb8 {1/2-1/2 (23) Vitiugov,N (2720)-Iordachescu,V (2626)
Aix-les-Bains 2011}) 7. e4 Nd7 8. d5 Nce5 9. Nbd2 Bb7 10. Nxe5 dxe5 11. Be2 Bd6 12. O-O Qe7 13. Nf3 O-O 14. b4 a5 15. Bg5 f6 16. dxe6 fxg5 17. exd7 axb4 18. axb4 Bxb4 19. Rxa8 Bxa8 20. Rd1 Bd6 21. h3 Bc6 22. c5 bxc5 23. Bb5 Bxb5 24. Qb3+ Qf7 25. Qxb5 h6 26. Rd5 Kh7 27. Qd3 Qxd7 28. Nxe5 Qa4 29. Nc4 Qa1+ 30. Qd1 Qa2 31. Nd2 c4 32. Qc1 Rb8 33. g3 Rb2 34. e5 c3 35.
Qxc3 Qxd5 36. Qxb2 Bxe5 37. Qc2+ Kh8 38. Ne4 Bd4 39. Nd2 Qf7 40. Ne4 c5 41. Nd6 Qe6 42. Nf5 Qe5 43. Kf1 Qd5 44. Ne7 Qf7 45. Nf5 Qd5 46. Ne7 Qe6 47. Nf5 Qe5 48. Qd3 Qe6 49. Nxd4 Qd5 50. Ke2 cxd4 51. Qa6 Qe4+ 52. Kd2 Qf5 53. Ke2 Qc2+ 54. Kf3 Kh7 55. Qe6 Qd3+ 56. Kg2 Qg6 57. Qd5 Qf6 58. Qe4+ Kg8 59. Qe8+ Kh7 60. Qe4+ g6 61. f4 gxf4 62. gxf4 h5 63. Kf3 Qd6 64. Ke2 Qd7 65. Kd3 Qxh3+ 66. Kxd4 Qa3 67. Qb7+ Kh6 68. Qf7 h4 69. Qg8 Qd6+ 70. Ke4 Kh5 71. Qh8+ Kg4 72. Qc8+ Kg3 73. Qc3+ Kh2 74. Qc2+ Kg1 75. Qc1+ Kg2 76. Qc2+ Kf1 77. Qc1+ Ke2 78. Qe3+ Kd1 79. Qg1+ Kc2 80. Qh2+ Kc3 81. Qxh4 Qd3+ 82. Ke5 Qf5+ 83. Kd6 Kd4 84. Ke7 Ke4 85. Qh6 Kf3 86. Ke8 Qf6 87. Kd7 Qf7+ 88. Kd8 Qf6+ 89. Kd7 Kg4 90. Ke8 Kf5 91. Kd7 Qd4+ 92. Kc6 Qxf4 93. Qh3+ Ke5 94. Qc3+ Ke6 95. Qb3+ Kf6 96. Qb2+ Qe5 97. Qf2+ Kg7 98. Qh4 Qf6+ 0-1

[Event "EU-ch 12th"]
[Site "Aix les Bains"]
[Date "2011.03.22"]
[Round "1"]
[White "Maevsky, Nikolay"]
[Black "Gharamian, Tigran"]
[Result "0-1"]
[ECO "E12"]
[WhiteElo "2342"]
[BlackElo "2650"]
[Annotator "Marchand,A/Primel,D"]
[PlyCount "62"]
[EventDate "2011.03.22"]
[EventType "swiss"]
[EventRounds "11"]
[EventCountry "FRA"]
[SourceTitle "CBM 142 Extra"]
[Source "ChessBase"]
[SourceDate "2011.06.27"]
[SourceVersion "1"]
[SourceVersionDate "2011.06.27"]
[SourceQuality "1"]
[TimeControl "40/5400+30:1800+30"]

1. c4 e6 2. Nc3 (2. Nf3 Nf6 3. d4 b6 4. a3 Ba6 5. Qc2 Bb7 6. Nc3
c5 7. e4 cxd4 8. Nxd4 d6 9. Be2 {[%csl Gc2] Dans cette ligne de
l'Ouest-Indienne qui est proche de la Kan, les Blancs ont un tempo de plus par
rapport а la partie car ils ont économisé l'échec Qa4 qui n'est pas trés utile.
}) 2... c5 3. Nf3 b6 4. d4 cxd4 5. Nxd4 a6 (5... Nf6) (5... Bb7) 6. e4 Bb7 7.
Be3 d6 8. Be2 Nf6 9. f3 Be7 (9... Qc7 10. O-O Nbd7 11. Qd2 Rc8 12. Rfc1 $5 {
Dans une partie récente face а un adversaire agressif qui ne voulait pas
roquer, j'ai joué ce plan peu connu laissant la Ra1 en soutien de la poussée
a4a5} Be7 13. a4 $1 {Le plan habituel des Blancs est plutôt Rfd1 et Rac1 mais
а part un avantage d'espace, les Blancs n'obtiennent pas grand chose} h6 $6
$146 {[%cal Gg7g5,Gg5g4] Un plan douteux mais intéressant où les Noirs
essayent d'améliorer le plan de Fischer d'attaque а l'aile-roi par g7g5 et Rg8
en ayant économisé le roque et le K Noir est mieux placé au centre qu'en "h8"}
(13... O-O 14. a5 $36 {Kacheishvili,G (2606)-Kritz,L (2589) USA tt ICC INT
rapid 2009 (6) 1-0}) 14. a5 bxa5 15. Nb3 g5 16. Nxa5
Ba8 17. h3 Nh5 $6 (17... Rg8) 18. Nd5 $1 $44 {[%cal Gc1c7]
;Primel,D-Gautier,M Angers 2012 1-0}) 10. Qa4+ {Intéressant mais probablement
trop lent} (10. O-O $142 {Aurait transposé dans une sicilienne Kan}) 10... Nfd7
{73} (10... Qd7) (10... Nbd7 $5 {Le plan des Blancs est trés lent et c'est
peut-être la meilleure option surtout d'un point de vue psychologique lorsque
les Blancs vont s'apercevoir qu'ils n'ont rien obtenu de l'ouverture.} 11. Nc6
{[%cal Gc6e7,Gc6d8] L'idée de l'échec intermédaire Qa4 mais même après le gain
de la paire de B, les Blancs n'ont pas grand-chose} Bxc6 12. Qxc6 O-O $32 13.
O-O (13. Qa4 b5 $1 (13... d5 $1 {Dans la "bible" sur la structure
hérissson "the complete hedgehog" le GMI SHIPOV donne cette forte variante
pour les Noirs} 14. exd5 exd5 15. cxd5 b5 16. Qb3 Re8 $40 ) 14. cxb5 axb5 15. Qxb5 Rb8 $36 ) 13... Nc5 $1
{[%csl Ga4,Rc6][%cal Ga8c8] La menace de gain de la Q force les Noirs а rendre
la paire de B et les Noirs ont au minimum l'égalité.}) 11. O-O O-O 12. Rfd1 Qc7
13. Qc2 (13. Rac1 Nf6 {Fishbein,A (2465)-Kudrin,S (2510) New York op 1991 (3)
1/2}) 13... Nf6 14. Rac1 (14. a4 $5 Nbd7 15. a5 $14 {Adamski,J 
(2400)-Cvitan,O (2500) Berliner Sommer 06th 1988 (6) 1/2}) 14... Nbd7 15. Bf1 (
15. Qd2 {Transpose dans les grandes lignes}) 15... Rac8 16. Qf2 (16. b4 Rfe8 17. a3 Qb8 18. Qd2 (18. Qf2)) 16... Qb8 17. b4 (17. a3 Bd8 {[%cal Gd8c7,Gc7h2,Gf8e8];Svetushkin,D (2546)
-Jenni,F (2517) WUCC op 8th Istanbul 2004 (9) 0-1}) 17... Rfe8 18. a3 {Anticipe la poussée d5 en protégeant le P "b4" mais c'est au
détriment de l'affaiblissement "c4"} (18. Nb3 d5 $1 ) 18... Bd8 {
[%cal Gd8c7,Gc7h2,Gd6d5,Ge8e3] La manoeuvre classique dans cette structure
pour réactiver le B} 19. Kh1 (19. Nb3 {[%cal Ge3b6] Peut-être un peu meilleur
pour empêcher les Noirs de jouer Ne5 en faisant pression sur la faiblesse "b6}
Bc7 20. g3 (20. Kh1 d5 $1)) 19... Ne5 $5 $146 (
19... Bc7 {Bucher,M (2244)-Jenni,F (2505) SUI-ch int Saas Almagell 2005 (8) 0-1
}) 20. Na4 (20. Qa2 Qc7 21. Na4 ) (20. Nb3 Nxc4 21. Bxc4 Rxc4 22. Bxb6 d5 $1 $36) 20... d5 $1 {
Le ressort se détend et les Noirs prennent l'initiative} 21. exd5 exd5 22. Nf5
Neg4 $1 23. fxg4 Nxg4 24. Qg1 Qe5 $40 25. Bd4 (25.
Nh6+ gxh6 26. Bd4 ) 25... Qxf5 26. Bd3 Qh5 27. c5 b5
28. Nc3 Bg5 $1 29. Ra1 $2 (29. Bf5 Bxc1 30. Bxc8) 29... Be3 30. Bxe3 Rxe3 31.
Ne2 Rh3 0-1

[Event "FRA-chT Top 12"]
[Site "Drancy"]
[Date "2016.05.30"]
[Round "3.3"]
[White "Velten, Paul"]
[Black "Heimann, Andreas"]
[Result "1-0"]
[ECO "E12"]
[WhiteElo "2469"]
[BlackElo "2578"]
[Annotator "RR"]
[PlyCount "123"]
[EventDate "2016.05.28"]
[EventType "team-tourn"]
[EventRounds "11"]
[EventCountry "FRA"]
[SourceTitle "CBM 172 Extra"]
[Source "ChessBase"]
[SourceDate "2016.06.21"]
[SourceVersion "1"]
[SourceVersionDate "2016.06.21"]
[SourceQuality "1"]
[WhiteTeam "Chalons-en-Champagne"]
[BlackTeam "Mulhouse Philidor"]
[WhiteTeamCountry "FRA"]
[BlackTeamCountry "FRA"]
[TimeControl "40/5400+30:1800+30"]

1. d4 {[%emt 0:00:30][%mdl 512] Prix de beauté de la 03ème ronde} Nf6 2. c4 e6 3. Nf3 b6 4. a3 Ba6 5. Qc2 Bb7 6. Nc3 c5 7. e4 cxd4 8. Nxd4 Bc5 (8... d6 {Transpose dans des positions hérisson proches de la
sicilienne Kan avec une Qc2 au lieu de Qd2}) (8... Nc6) 9. Nb3 Nc6 10. Bd3 Be7 (10... O-O
11. O-O Be7 12. Bf4 d6 13. Be2 Qc8 14. Rac1 Ne5 15. Nd2 Rd8 16. Rfd1 Qc7 17.
Nb5 Qc6 18. b4 a6 19. Nc3 Rac8 20. Qb1 Ba8 21. h3 Nfd7 22. Be3 Bf6 23. Bf1 Qb7
24. Qb3 Qb8 25. Rb1 b5 26. Rbc1 bxc4 27. Nxc4 Nxc4 28. Bxc4 Bb7 29. Be2 h6 30.
Na4 Bxe4 31. Bxa6 Rxc1 32. Rxc1 Bxg2 33. Kxg2 Qa8+ 34. Kg1 Qxa6 35. b5 Qb7 36.
b6 Ne5 37. Rc7 Qf3 38. Kf1 d5 39. Nc5 Qxh3+ 40. Ke1 {Cvitan,O (2538)-Georgiev,
K (2665) Sibenik 2008 0-1}) 11. Bf4 $146 (11. f4 d6 12. O-O
Nd7 13. Be3 Nc5 14. Be2 O-O 15. Rad1 Qc7 16. Nd2 Rac8 17. b4 Nd7 18. Nb3 a6 19.
Rc1 Qb8 20. Bd3 g6 21. Qf2 Ba8 22. Na4 Bd8 23. Be2 Ne7 24. Nc3 Bb7 25. Nd4 Nf6
26. f5 Nxe4 27. Nxe4 Bxe4 28. fxe6 f5 29. Bh6 Re8 30. Bf3 d5 31. cxd5 Rxc1 32.
Rxc1 Bxd5 33. Nc6 {1-0 (33) Khalifman,A (2500)-Tukmakov,V (2575) Kuibyshev 1986
}) 11... d6 12. Rd1 Qb8 13.
O-O O-O 14. Be2 Ne5 15. Bg3 Rc8 $5 {[%emt 0:00:30] Attaquant la
seule faiblesse Blanche} 16. Nd2 a6 {[%emt 0:09:30] Il est
difficile pour les Noirs de terminer le développement sans jouer ce coup
thématique} 17. f4 (17. f3 {L'alternative plus solide mais
aussi moins ambitieuse}) 17... Ned7 18. Kh1 Bc6 19. Nb3 Qb7 20. Bf3 Nc5 (20... b5 21. Na5 $1 $18 (21. e5 Bxf3 (21... dxe5 $6 22. fxe5 Nxe5 $5 23. Bxe5 Bxf3
24. Rxf3 bxc4) 22. Rxf3 dxe5 23. fxe5 Nh5 )) (20... Qc7
$142 {Malgré la perte de temps, le coup thématique Qc7 parait plus sain} 21.
Qe2 (21. e5) (21. Nd4 Bb7 22. Qe2) 21... Bb7 22. Nd2 $11 ) 21.
Nxc5 dxc5 22. e5 Bxf3 23. Rxf3 Nh5 24. f5 Rd8 25. Rdf1 $36 Rd4 (25... Nxg3+ 26. Rxg3 Bf8 27. Ne4 ) 26. f6 Bf8 27. fxg7 Bxg7 28. Rxf7 Qxf7 29. Rxf7 Nxg3+ 30. hxg3 Kxf7 31.
Qe2 Ke7 32. Ne4 Rf8 33. Ng5 Rf5 34. Nf3 Rd7 35. b4 Ke8 36.
Kh2 cxb4 $6 (36... Rh5+ 37. Kg1 $13) 37. axb4 a5 38. c5 bxc5 39. bxa5 Ke7 40. g4 Rf4 41. Kg3 Rb4 42. Qc2 c4 43. Qxh7 Kf8 44. Qg6 c3 45. Qxe6 Rbb7 46. Ng5 Bh8 47. Qf5+ Kg8 48. Ne6 Rf7 49. Qg6+ Bg7 50. a6 Ra7 51. Nd4 Rfe7 52. Nf5 Rxe5 53. Nh6+ Kh8 54. Nf7+ Rxf7 55. Qxf7 c2 56. a7 Ra5 57. Qe8+ Kh7 58. Qe4+ Kh6 59. Qe3+ Kh7 60. Qd3+ Kh6 61. Qd2+ Kh7 62. Qxc2+ 1-0